 Seeded DCSS version 0.31.0-32-g396128a36d (webtiles) character file.

Game seed: 14510824239179787133 (custom seed)

44 Alphaeus the Ruffian (level 3, 33/33 HPs)
             Began as a Troll Shapeshifter on Mar 19, 2024.
             Quit the game on level 2 of the Dungeon.
             The game lasted 00:01:37 (1203 turns).

Alphaeus the Ruffian (Troll Shapeshifter)           Turns: 1203, Time: 00:01:38

Health: 33/33      AC:  4    Str: 24    XL:     3   Next: 39%
Magic:  2/2        EV:  9    Int:  6    God:
Gold:   87         SH:  0    Dex:  9    Spells: 2/2 levels left

rFire   . .          .
                       - Unarmed
rCold   . . .        (no shield)
rNeg    . . .        a - +0 animal skin
rPois   .            (helmet currently unavailable)
rElec   .            (cloak currently unavailable)
rCorr   .            (gloves unavailable)
SInv    .            (boots unavailable)
Will    .....        (no amulet)
Stlth   +            (no ring)
HPRegen 1.05/turn    (no ring)
MPRegen 0.08/turn

%: no passive effects
@: beast-form
A: beast (slay +2), large, unfitting armour, claws 3, regeneration 1, shaggy fur
1, tough skin 1
a: Begin Untransformation


You were on level 2 of the Dungeon.
You were a hulking beast.
You visited 1 branch of the dungeon, and saw 2 of its levels.

You collected 87 gold pieces.

Inventory:

Armour
 a - a +0 animal skin (worn)
Jewellery
 k - a ring of willpower
Talismans
 c - a beast talisman
 d - a flux talisman
Scrolls
 e - a scroll of fear {unknown}
 g - a scroll of teleportation {unknown}
 h - 2 scrolls of immolation {unknown}
Potions
 b - 2 potions of lignification
 f - a potion of brilliance {unknown}
 i - a potion of degeneration {unknown}
 j - a potion of magic {unknown}


   Skills:
 + Level 1.3 Fighting
 - Level 1.5 Dodging
 * Level 3.6 Unarmed Combat
 * Level 3.5 Shapeshifting


You had 2 spell levels left.
You didn't know any spells.
Your spell library was empty.

Dungeon Overview and Level Annotations

Branches:
Dungeon (2/15)

Altars:
Yredelemnul

Shops:
D:1 [


Innate Abilities, Weirdness & Mutations

You are a hulking beast.
Your limbs bulge with bestial killing power. (Slay +2)
You are too large for most types of armour.
You have claws for hands.
Your natural rate of healing is unusually fast.
You are covered in fur. (AC +1)
You have tough skin. (AC +1)


Message History

The quokka bites you.
You scratch the quokka but do no damage.
The quokka twitches its whiskers.
The quokka bites you.
You claw the quokka!
You kill the quokka!
No target in view!
No target in view!
No target in view!
No target in view!
No target in view!
No target in view!
No target in view!
No target in view!
No target in view!
No target in view!
No target in view!
A hobgoblin comes into view.
Found a dagger.
The hobgoblin shouts!
A hobgoblin is nearby!
The hobgoblin hits you but does no damage.
You barely miss the hobgoblin. You claw the hobgoblin.
You kill the hobgoblin!
No target in view!
No target in view!
No target in view!
No target in view!
No target in view!
No target in view!
No target in view!
No target in view!
No target in view!
No target in view!
No target in view!
No target in view!
No target in view!
No target in view!
No target in view!
Are you sure you want to abandon this character and quit the game? (Confirm with "yes".)

##..##.#..##.#..##.#.
#...#.##..#.##..#.##.
#.##....##....##....#
#..#.##..#.##. #.##..
#.#..##.#..## #..##.#
#)##....##.. ##. ..#
#...##.#..# .# .#.
#...#.##..# . .# .
#.##h...# ## . # #.
#†##..# .# # ..# ..#
##.. . .## . . ##


There were no monsters in sight!

Vanquished Creatures
  An adder (D:2)
  2 ball pythons (D:1)
  2 endoplasms
  5 giant cockroaches
  A hobgoblin (D:2)
  3 quokkas (D:2)
  2 bats
  5 frilled lizards
  4 goblins
  5 kobolds
  2 rats (D:1)
32 creatures vanquished.

Notes
Turn   | Place    | Note
-------+----------+-------------------------------------------
     0 | D:1      | Alphaeus the Troll Shapeshifter began the quest for the
                  | Orb.
     0 | D:1      | Reached XP level 1. HP: 18/18 MP: 0/0
    61 | D:1      | Reached skill level 1 in Fighting
   227 | D:1      | Reached XP level 2. HP: 27/27 MP: 1/1
   440 | D:1      | Found Godats's Armour Shop.
   887 | D:2      | Found a basalt altar of Yredelemnul.
   936 | D:2      | Reached XP level 3. HP: 33/33 MP: 2/2
  1203 | D:2      | Quit the game

Illustrated notes

Levels and vault maps discovered:
D:1:      psy_arrival_statuary, layout_basic, serial_shops,
          nicolae_shop_temple_entry_statues_fountains
D:2:      layout_basic, basic_altar, nicolae_eternal_life

Skill      XL: |  1 |
---------------+----+-----
Fighting       | 1 |  1.3
Dodging        | |  1.5
Unarmed Combat | |  3.6
Shapeshifting  | |  3.5

Action                     || total
---------------------------++-------
  Melee: Unarmed           ||    63
         Punch             ||     3
 Armour: Animal skin       ||    38
  Dodge: Dodged            ||    22
